 Dungeon Crawl Stone Soup version 0.31-a0-204-g7da18cac08 (webtiles) character file.

Game seed: 1591367585054418832

642 voltaire321 the Stinger (level 7, -5/52 HPs)
             Began as a Demonspawn Venom Mage on June 27, 2023.
             Slain by a yak (11 damage)
             ... on level 5 of the Dungeon.
             The game lasted 00:11:57 (5017 turns).

voltaire321 the Stinger (Demonspawn Venom Mage)     Turns: 5017, Time: 00:11:57

Health: -5/52      AC: 17    Str: 10    XL:     7   Next: 26%
Magic:  10/12      EV: 13    Int: 16    God:
Gold:   220        SH:  0    Dex: 14    Spells: 6/13 levels left

rFire   . . .        w - +1 falchion (freeze)
rCold   . . .        (no shield)
rNeg    . . .        a - +0 robe
rPois   .            (helmet restricted)
rElec   .            g - +1 cloak
rCorr   .            (no gloves)
SInv    .            (no boots)
Will    .....        (no amulet)
Stlth   ++           o - +4 ring of protection
HPRegen 0.28/turn    (no ring)
MPRegen 0.13/turn

%: no passive effects
@: mighty, sanguine armoured
A: horns 1, powered by pain 1, sanguine armour 2, demonic magic 1
a: no special abilities


You were on level 5 of the Dungeon.
You visited 1 branch of the dungeon, and saw 6 of its levels.

You collected 220 gold pieces.

Inventory:

Hand Weapons
 l - a +0 dagger of venom
 w - a +1 falchion of freezing (weapon)
Armour
 a - a +0 robe (worn)
 g - a +1 cloak (worn)
Jewellery
 o - a +4 ring of protection (left hand)
Wands
 f - a wand of roots (3)
Scrolls
 i - a scroll of amnesia {unknown}
 j - 2 scrolls of teleportation {unknown}
 p - 2 scrolls of revelation {unknown}
 r - a scroll of enchant armour {unknown}
 s - a scroll of fear {unknown}
 t - a scroll of enchant weapon {unknown}
 v - a scroll of fog {unknown}
 x - a scroll of immolation {unknown}
Potions
 b - a potion of enlightenment
 c - 2 potions of resistance
 d - a potion of lignification {unknown}
 e - 3 potions of curing
 k - 2 potions of heal wounds {unknown}
 n - 2 potions of might {unknown}
 u - a potion of invisibility


   Skills:
 + Level 3.2 Fighting
 + Level 2.9 Armour
 + Level 3.6 Dodging
 - Level 1.7 Stealth
 + Level 3.7 Spellcasting
 - Level 1.0 Transmutations
 + Level 4.5 Poison Magic


You had 6 spell levels left.
You knew the following spells:

 Your Spells              Type           Power      Damage    Failure   Level
a - Sting                 Tmut/Pois      44%        1d5       5%          1
b - Poisonous Vapours     Pois/Air       20%        N/A       11%         2
c - Olgreb's Toxic Radia  Pois           17%        N/A       26%         4

Your spell library contained the following spells:

 Spells                   Type           Power      Damage    Failure   Level
 Kiss of Death            Conj/Necr      8%         2d6       17%         1
 Mephitic Cloud           Conj/Pois/Air  7%         N/A       28%         3
 Confusing Touch          Hex            2%         N/A       45%         3
 Tukima's Dance           Hex            2%         N/A       45%         3
 Dispel Undead            Necr           2%         3d7       86%         4
 Leda's Liquefaction      Hex/Erth       1%         N/A       86%         4
 Passage of Golubria      Tloc           2%         N/A       86%         4
 Yara's Violent Unravell  Hex/Tmut       2%         3d3       98%         5
 Lee's Rapid Deconstruct  Erth           1%         3d4*      99%         5
 Leda's Unmaking          Conj/Erth      1%         9d1       100%        6
 Statue Form              Tmut/Erth      2%         N/A       100%        6


Dungeon Overview and Level Annotations

Branches:
Dungeon (6/15)
 Temple: D:4-7

Altars:
Cheibriados
Dithmenos
Gozag
Nemelex Xobeh
Xom

Annotations:
D:4 2 runed translucent doors, superbruh's ghost, amateur DsBr
D:6 Sigmund


Innate Abilities, Weirdness & Mutations

You have a pair of small horns on your head.
You sometimes gain a little power by taking damage.
When seriously injured, your blood forms thick armour. (AC +9)
Spells you cast may paralyse adjacent enemies.


Message History

The ufetubus misses you.
The ufetubus hits you but does no damage.
There is an escape hatch in the ceiling here.
The adder hisses angrily.
The ufetubus closely misses you.
The ufetubus hits you but does no damage.
The howler monkey closely misses you. The yak gores you but does no damage.
The yak barely misses you. A mysterious force pulls you upwards.
The hatch slams shut behind you.
Reactivating autopickup.
Aiming: Sting (safe; 5% risk of failure)
Press: ? - help, Q - select action, (/) - cycle Shift-Dir - straight line, f - yak
Aim: a yak (83% to hit)
The sting hits the yak but does no damage.
The yak is poisoned.
Malevolent energies surge around you.
The ufetubus suddenly stops moving!
The howler monkey misses you. The yak gores you! The yak misses you.
The howler monkey hits you but does no damage.
Aiming: Sting (safe; 5% risk of failure)
Press: ? - help, Q - select action, (/) - cycle Shift-Dir - straight line, f/p - yak
Aim: a yak (poisoned, 83% to hit)
The sting hits the yak but does no damage.
The yak looks even sicker.
Malevolent energies surge around you.
The howler monkey suddenly stops moving!
The yak suddenly stops moving!
The yak gores you.
* * * LOW HITPOINT WARNING * * *
The helpless ufetubus fails to defend itself.
You hit the ufetubus. You freeze the ufetubus. You headbutt the ufetubus.
You kill the ufetubus!
The howler monkey is no longer paralysed.
The yak is no longer paralysed.
The howler monkey barely misses you. The yak gores you!
* * * LOW HITPOINT WARNING * * *
You focus on the pain.
You feel very mighty all of a sudden. The yak gores you but does no damage.
The howler monkey misses you. The yak barely misses you. The yak gores you!
You die...

#.# ###### #...##.#.#
#.# #....###......#.#
#.# #.##.#.))######.#
#.# ###.#....).#....#.#
#.# #..........#.##.#.#
..# #........#....#.#.#
### #....#...#.#..#.#.#
#.'######..#..#.#.#
###≈≈≈≈≈#..#@Y....#
#≈....#..Y.h#.#.#
#≈....#.#####[#.#
#######≈....#.##....#.#
......######'.##.####.#
...######.###.##.# #.#
##..#.........##.# #.#
##.........####.#
##.#####
##.............#
#......#


You could see 2 yaks and a howler monkey.

Vanquished Creatures
  An ogre (D:4)
  A scorpion (D:5)
  A jelly (D:5)
  An orc priest (D:2)
  6 hounds
  An iguana (D:6)
  2 sleepcaps (D:6)
  4 adders
  4 gnolls (D:4)
  A white imp (D:6)
  2 ufetubi (D:5)
  2 worms
  13 orcs
  10 endoplasms
  2 giant cockroaches (D:3)
  4 goblins
  3 hobgoblins
  4 jackals
  6 kobolds
  4 quokkas
  4 ball pythons
  2 bats
  A frilled lizard (D:2)
  6 rats
85 creatures vanquished.

Notes
Turn   | Place    | Note
-------+----------+-------------------------------------------
     0 | D:1      | voltaire321 the Demonspawn Venom Mage began the quest for
                  | the Orb.
     0 | D:1      | Reached XP level 1. HP: 13/13 MP: 3/3
   113 | D:1      | Reached skill level 1 in Transmutations
   264 | D:1      | Gained mutation: You have a pair of small horns on your
                  | head. [demonic ancestry]
   264 | D:1      | Reached XP level 2. HP: 20/20 MP: 1/5
   549 | D:1      | Learned a level 2 spell: Poisonous Vapours
   759 | D:2      | Found a snail-covered altar of Cheibriados.
   925 | D:2      | Reached skill level 1 in Fighting
   925 | D:2      | Reached skill level 1 in Armour
   925 | D:2      | Gained mutation: Spells you cast may paralyse adjacent
                  | enemies. [demonic ancestry]
   925 | D:2      | Reached XP level 3. HP: 22/26 MP: 4/6
  1091 | D:2      | Found a faded altar of an unknown god.
  1478 | D:2      | Reached XP level 4. HP: 14/32 MP: 2/7
  1784 | D:3      | Found a shimmering altar of Xom.
  2161 | D:3      | Found an opulent altar of Gozag.
  3052 | D:4      | Noticed an ogre
  3063 | D:4      | Killed an ogre
  3064 | D:4      | Gained mutation: You sometimes gain a little power by
                  | taking damage. [demonic ancestry]
  3064 | D:4      | Reached XP level 5. HP: 38/38 MP: 1/9
  3266 | D:4      | Found a sparkling altar of Nemelex Xobeh.
  3281 | D:4      | Found a large runed translucent door.
  3281 | D:4      | Found a large runed translucent door.
  3285 | D:4      | Noticed superbruh's ghost (amateur DsBr)
  3742 | D:5      | Entered Level 5 of the Dungeon
  3772 | D:5      | Reached skill level 4 in Poison Magic
  3772 | D:5      | Gained mutation: When seriously injured, your blood forms
                  | armour. (AC +9) [demonic ancestry]
  3772 | D:5      | Reached XP level 6. HP: 42/46 MP: 8/10
  4124 | D:5      | Gained mutation: When seriously injured, your blood forms
                  | thick armour. (AC +9) [demonic ancestry]
  4124 | D:5      | Reached XP level 7. HP: 52/52 MP: 9/12
  4390 | D:5      | Learned a level 4 spell: Olgreb's Toxic Radiance
  4682 | D:6      | Found a shadowy altar of Dithmenos.
  4988 | D:6      | Noticed a yak
  4988 | D:6      | Noticed a yak
  4988 | D:6      | Noticed a yak
  4988 | D:6      | Noticed a yak
  4998 | D:6      | Noticed a yak
  4999 | D:6      | Noticed a yak
  5005 | D:6      | Noticed Sigmund
  5017 | D:5      | Slain by a yak

Illustrated notes

Levels and vault maps discovered:
D:1:      dpeg_arrival_pond, layout_rooms
D:2:      layout_loops_ring, basic_altar, ebering_ecumenical_altar_petrified
D:3:      layout_basic, grunt_gozag_statues, xom_teletrap_fun
D:4:      layout_basic, nemelex_diamond_rough_becter,
          ebering_ghost_disaster_area
D:5:      layout_basic, chequers_serial_rivers_room_a
D:6:      layout_basic, grunt_dithmenos_smoke, nicolae_overflow_hidden_temple,
          st_stairs_9, corexii_hall_statues_i, uniq_sigmund

Skill      XL: |  1  2  3  4  5  6 |
---------------+-------------------+-----
Transmutations | 1 |  1.0
Dodging        | 2 3 |  3.6
Fighting       | 1 2 3 |  3.2
Armour         | 1 2 |  2.9
Spellcasting   | 3 |  3.7
Poison Magic   | 4 |  4.5
Stealth        | |  1.7

Action                     |  1- 3 |  4- 6 |  7- 9 || total
---------------------------+-------+-------+-------++-------
  Melee: Unarmed           |    19 |       |       ||    19
         Spear             |    30 |       |       ||    30
         Headbutt          |     5 |    15 |    19 ||    39
         Dagger            |     8 |    68 |       ||    76
         Punch             |       |     3 |     2 ||     5
         Falchion          |       |     7 |    59 ||    66
   Cast: Sting             |    44 |    58 |    12 ||   114
         Poisonous Vapours |       |     2 |       ||     2
    Use: Potion            |     1 |       |       ||     1
         Scroll            |       |       |     5 ||     5
   Stab: Paralysed         |     2 |    24 |     5 ||    31
         Sleeping          |     1 |       |       ||     1
 Armour: Robe              |     8 |    23 |    51 ||    82
  Dodge: Dodged            |    41 |    51 |    88 ||   180

Table legend: (Time is in decaauts)
 A = Elapsed time spent in this place.
 B = Non-inter-level travel time spent in this place.
 C = Inter-level travel time spent in this place.
 D = Time resting spent in this place.
 E = Time spent auto-exploring this place.
 F = Levels seen in this place.
 G = Mean time per level.
                   A        B        C        D        E       F      G
               +--------+--------+--------+--------+--------+-----+--------+
         Total |   5037 |   4954 |     83 |    681 |   3284 |   6 |  839.5 |
       Dungeon |   5037 |   4954 |     83 |    681 |   3284 |   6 |  839.5 |
               +--------+--------+--------+--------+--------+-----+--------+

Top non-repeatable levels by time:
     D:3: 1145 daAuts
     D:4: 1046 daAuts
     D:2: 850 daAuts
     D:5: 850 daAuts
     D:1: 700 daAuts
     D:6: 443 daAuts
